 Dungeon Crawl Stone Soup version 0.28.0-62-gf88900778d (webtiles) character file.

Game seed: 14064710728879347996

17294 cbfl8 the Severer (level 12, -6/107 HPs)
             Began as a Minotaur Berserker on May 18, 2023.
             Was a High Priest of Trog.
             Shot with an arrow by a centaur warrior (7 damage)
             ... on level 13 of the Dungeon.
             The game lasted 00:15:15 (13676 turns).

cbfl8 the Severer (Minotaur Berserker)             Turns: 13676, Time: 00:15:16

Health: -6/107     AC: 18    Str: 30    XL:     12   Next: 17%
Magic:  11/11      EV: 13    Int:  4    God:    Trog [*****.]
Gold:   638        SH:  5    Dex: 13    Spells: 11/11 levels left

rFire   + . .      SeeInvis .   i - +1 broad axe (distort)
rCold   + . .      Faith    .   k - +0 buckler
rNeg    . . .      Spirit   .   x - +0 plate armour
rPois   .          Reflect  .   (helmet restricted)
rElec   .          Harm     .   g - scarf {rC+ rF+}
rCorr   .          Rampage  .   C - +0 pair of gloves
Will    ++...                   j - +1 pair of boots of Miracles {Will++}
Stlth   ..........              (no amulet)
HPRegen 0.27/turn               c - +6 ring of strength
MPRegen 0.12/turn               m - +4 ring of evasion

@: no status effects
A: horns 2, retaliatory headbutt
a: Renounce Religion, Berserk, Trog's Hand, Brothers in Arms


You were on level 13 of the Dungeon.
You worshipped Trog.
Trog was extremely pleased with you.
You visited 1 branch of the dungeon, and saw 13 of its levels.
You also visited: Sewer and Bailey.

You collected 725 gold pieces.
You spent 87 gold pieces at shops.

Inventory:

Hand Weapons
 i - a +1 broad axe of distortion (weapon)
 E - a +0 broad axe
Armour
 g - a scarf of resistance (worn)
 j - the +1 pair of boots of Miracles (worn) {Will++}
   (You acquired it on level 4 of the Dungeon)

   Will:      It greatly increases your willpower.
 k - a +0 buckler (worn)
 x - a +0 plate armour (worn)
 C - a +0 pair of gloves (worn)
 F - a +1 pair of boots of flying
Jewellery
 c - a +6 ring of strength (left hand)
 m - a +4 ring of evasion (right hand)
 u - a ring of see invisible
 y - a ring of poison resistance
 B - a +6 ring of strength
Wands
 b - a wand of flame (21)
Scrolls
 e - 5 scrolls of immolation
 f - 3 scrolls of enchant weapon
 l - a scroll of blinking
 o - 5 scrolls of teleportation
 q - 5 scrolls of fear
 r - a scroll of magic mapping
 v - 2 scrolls of silence
 D - 2 scrolls of noise
 H - 2 scrolls of summoning
 J - a scroll of identify
Potions
 a - 2 potions of invisibility {unknown}
 d - a potion of berserk rage {unknown}
 h - 5 potions of curing
 n - a potion of might {unknown}
 p - 3 potions of lignification
 s - 3 potions of attraction
 t - a potion of degeneration {unknown}
 w - a potion of mutation {unknown}
 z - 3 potions of flight
 A - 2 potions of cancellation {unknown}
 K - a potion of haste {unknown}
 L - a potion of magic {unknown}
Miscellaneous
 G - a condenser vane


   Skills:
 + Level 10.5 Fighting
 + Level 15.2 Axes
 + Level 10.4 Armour
 + Level 3.6 Dodging
 + Level 0.7 Stealth
 + Level 5.5 Shields
 * Level 8.2 Evocations


You had 11 spell levels left.
You didn't know any spells.
Your spell library was empty.

Dungeon Overview and Level Annotations

Branches:
Dungeon (13/15)            Temple (0/1) D:6            Lair (0/6) D:8
    Orc (0/2) D:10         Vaults (0/5) D:13          Sewer (visited)
 Bailey (visited)

Altars:
Kikubaaqudgha
Vehumet
The Shining One
Beogh

Shops:
D:11 [   D:12 *

Annotations:
D:13 2 transporters, cbfl8's ghost, journeyman MiBe


Innate Abilities, Weirdness & Mutations

You have a pair of horns on your head.
You reflexively headbutt those who attack you in melee.


Message History

The centaur warrior unwields a +1 longbow of freezing.
You block the centaur warrior's attack. The centaur warrior closely misses you.
The centaur warrior hits you!
The centaur warrior kicks you but does no damage.
You hit the centaur warrior.
Space warps horribly around the centaur warrior!
The centaur warrior is moderately wounded.
The centaur warrior hits you. You block the centaur warrior's attack.
You slash the centaur warrior!
The centaur warrior is heavily wounded.
The centaur warrior blinks!
The centaur warrior wields a +1 longbow of freezing.
It is covered in frost.
The centaur warrior shoots an arrow.
You block the arrow.
The centaur warrior shoots an arrow.
The arrow hits you. The arrow freezes you.
The centaur warrior shoots an arrow.
The arrow hits you!!
* * * LOW HITPOINT WARNING * * *
The arrow freezes you.
* * * LOW HITPOINT WARNING * * *
Aiming: Mindburst
Press: ? - help, Q - select action, (/) - cycle Shift-Dir - straight line, f - centaur warrior
Aim: a centaur warrior, wielding a +1 longbow of freezing and quivering arrows (heavily wounded, chance to affect: 76%)
The centaur warrior's mind is blasted!!
The centaur warrior shoots an arrow.
The arrow misses you.
Aiming: Mindburst
Press: ? - help, Q - select action, (/) - cycle Shift-Dir - straight line, f/p - centaur warrior
Aim: a centaur warrior, wielding a +1 longbow of freezing and quivering arrows (severely wounded, chance to affect: 76%)
The centaur warrior barely resists.
The centaur warrior shoots an arrow.
The arrow hits you!
* * * LOW HITPOINT WARNING * * *
The arrow freezes you.
* * * LOW HITPOINT WARNING * * *
Aiming: Mindburst
Press: ? - help, Q - select action, (/) - cycle Shift-Dir - straight line, f/p - centaur warrior
Aim: a centaur warrior, wielding a +1 longbow of freezing and quivering arrows (severely wounded, chance to affect: 76%)
The centaur warrior barely resists.
The now-empty wand crumbles to dust.
The centaur warrior shoots an arrow.
The arrow hits you!
* * * LOW HITPOINT WARNING * * *
The centaur warrior shoots an arrow.
The arrow hits you!
You die...

#############..# #.#.
#...........#..### #..#
#.#########.#....# ..
####.#### #......# ###
#.......# #..#>#.# ##.#
#.#####.# #......# #..#
###.# #.#### #..#.#.#
#.## ....# #[...#
#......# #.# ....#
#.##.###@.#)### #>#
.##.#####.#...##..#.#
#.#
.#.......(........#.#
#.#
.#.#..#####.|.###c#.#
#.# .#.#..#
##........##########.#
.#.#..#
######.####......>..#
......# ##.##
#.######### ...##.#
##.#.###.#
...##.#########.###.##.#


You could see a centaur warrior.

Vanquished Creatures
  Snorg (D:12)
  A vault guard (D:13)
  2 centaur warriors
  A two-headed ogre (D:8)
  A tengu warrior (D:13)
  An orb spider (Bailey)
  A harpy (shapeshifter) (D:13)
  2 orc knights (Bailey)
  A manticore (D:13)
  2 cyclopes
  An unseen horror (D:11)
  A komodo dragon (D:13)
  An efreet (D:13)
  2 trolls (D:10)
  2 dream sheep
  11 yaks
  A wyvern (D:11)
  2 shadows (D:10)
  5 wraiths
  A basilisk (D:13)
  2 water moccasins (D:7)
  Duvessa (D:5)
  13 orc warriors
  Pargi (Sewer)
  2 ogres
  2 sky beasts
  3 necrophages
  7 centaurs
  A kobold brigand (D:9)
  2 bullfrogs
  2 scorpions
  A water moccasin skeleton (D:4)
  Dowan (D:5)
  10 wights
  3 killer bees (D:8)
  The ghost of styxcanada the Sneak, a weakling SpBr (D:3)
  3 centaur zombies
  A jelly (D:6)
  A hound (D:3)
  2 bullfrog skeletons (D:5)
  13 orc priests
  3 iguanas
  12 orc wizards
  A killer bee zombie (D:8)
  3 howler monkey zombies
  8 gnolls
  8 adders
  2 white imps (D:6)
  2 ufetubi
  A worm (D:2)
  4 dart slugs
  58 orcs
  7 ball pythons
  11 endoplasms
  5 giant cockroaches
  21 goblins
  14 hobgoblins
  25 kobolds
  8 quokkas
  8 bats
  5 frilled lizards
  4 rats
322 creatures vanquished.

Vanquished Creatures (others)
  4 toadstools (D:1)
4 creatures vanquished.

Grand Total: 326 creatures vanquished

Notes
Turn   | Place    | Note
-------+----------+-------------------------------------------
     0 | D:1      | cbfl8 the Minotaur Berserker began the quest for the Orb.
     0 | D:1      | Reached XP level 1. HP: 19/19 MP: 0/0
   172 | D:1      | Reached XP level 2. HP: 19/27 MP: 1/1
   173 | D:1      | Reached skill level 4 in Axes
   196 | D:1      | Reached XP level 3. HP: 4/33 MP: 2/2
   672 | D:1      | Reached ** piety under Trog
  1457 | D:2      | Reached XP level 4. HP: 41/41 MP: 3/3
  1485 | D:2      | Found a faded altar of an unknown god.
  1831 | D:2      | Found a glowing golden altar of the Shining One.
  1838 | D:2      | Reached skill level 5 in Axes
  1956 | D:3      | You fall into a shaft and drop 3 floors!
  1956 | D:6      | Found a staircase to the Ecumenical Temple.
  1982 | D:6      | Reached skill level 1 in Evocations
  2036 | D:5      | Entered Level 5 of the Dungeon
  2092 | D:4      | Reached XP level 5. HP: 43/47 MP: 4/4
  2199 | D:4      | Reached skill level 6 in Axes
  2232 | D:3      | HP: 2/47 [goblin/+0 dagger of electrocution (19)]
  2307 | D:3      | Found a glowing drain.
  2311 | Sewer    | Entered a sewer
  2395 | Sewer    | Reached *** piety under Trog
  2399 | Sewer    | Noticed Pargi
  2419 | Sewer    | Killed Pargi
  2420 | Sewer    | Reached skill level 5 in Fighting
  2420 | Sewer    | Reached XP level 6. HP: 46/56 MP: 5/5
  2939 | D:3      | Found a runed translucent gate.
  2939 | D:3      | Found a runed translucent gate.
  2939 | D:3      | Found a runed translucent gate.
  2941 | D:3      | Noticed styxcanada's ghost (weakling SpBr)
  3001 | D:3      | Reached skill level 1 in Shields
  3452 | D:3      | Killed styxcanada's ghost
  3453 | D:3      | Reached skill level 7 in Axes
  3453 | D:3      | Reached XP level 7. HP: 61/61 MP: 6/6
  3737 | D:4      | Reached **** piety under Trog
  3823 | D:4      | Identified a scroll of acquirement
  3825 | D:4      | Acquired the +1 pair of boots of Miracles {Will++}
  4298 | D:5      | Reached skill level 8 in Axes
  4403 | D:5      | Reached XP level 8. HP: 69/69 MP: 7/7
  4404 | D:5      | Reached skill level 5 in Armour
  4485 | D:5      | Noticed Dowan
  4485 | D:5      | Noticed Duvessa
  4495 | D:5      | Killed Duvessa
  4498 | D:5      | Killed Dowan
  5058 | D:6      | Reached skill level 9 in Axes
  5593 | D:7      | Reached skill level 10 in Axes
  5593 | D:7      | Reached XP level 9. HP: 35/78 MP: 8/8
  6395 | D:8      | Reached ***** piety under Trog
  6396 | D:8      | Reached skill level 11 in Axes
  6622 | D:8      | Found a staircase to the Lair.
  6832 | D:8      | Noticed a two-headed ogre
  6840 | D:8      | Reached skill level 5 in Evocations
  6842 | D:8      | Killed a two-headed ogre
  7175 | D:9      | Reached skill level 12 in Axes
  7175 | D:9      | Reached XP level 10. HP: 71/88 MP: 9/9
  8014 | D:10     | Entered Level 10 of the Dungeon
  8014 | D:10     | Found a staircase to the Orcish Mines.
  8023 | D:10     | Noticed an orc knight
  8048 | D:9      | an orc knight changed into a dream sheep
  8354 | D:10     | Reached skill level 13 in Axes
  8593 | D:10     | Found a flagged portal.
  8606 | Bailey   | Entered a bailey
  8620 | Bailey   | Noticed an orc knight
  8623 | Bailey   | Noticed an orc knight
  8711 | Bailey   | Noticed an orc knight
  8718 | Bailey   | Killed an orc knight
  8785 | Bailey   | Reached XP level 11. HP: 97/97 MP: 10/10
  8788 | Bailey   | an orc knight changed into a dream sheep
  8802 | Bailey   | Noticed an orc knight
  8805 | Bailey   | Noticed an orb spider
  8805 | Bailey   | an orc knight changed into an orb spider
  8821 | Bailey   | Killed an orb spider
  8873 | Bailey   | Killed an orc knight
  9168 | D:10     | Found a radiant altar of Vehumet.
  9401 | D:10     | Reached skill level 14 in Axes
  9610 | D:10     | Reached skill level 5 in Shields
 10599 | D:11     | Found Iroythu's Armour Shop.
 11347 | D:12     | Noticed a centaur warrior
 11357 | D:12     | Killed a centaur warrior
 11517 | D:12     | Noticed Snorg
 11528 | D:12     | Killed Snorg
 11529 | D:12     | Reached skill level 10 in Fighting
 11722 | D:12     | Found Neicel Gank's Assorted Antiques.
 11727 | D:12     | Bought a scroll labelled BAOPAY XONEASS for 29 gold pieces
 11727 | D:12     | Bought a scroll of identify for 58 gold pieces
 11764 | D:12     | Found an ancient bone altar of Kikubaaqudgha.
 12300 | D:13     | Noticed a centaur warrior
 12309 | D:13     | Killed a centaur warrior
 12310 | D:13     | Reached skill level 10 in Armour
 12760 | D:13     | Noticed a harpy
 12760 | D:13     | a rime drake changed into a harpy
 12767 | D:13     | Killed a harpy
 12768 | D:13     | Reached skill level 15 in Axes
 12768 | D:13     | Reached XP level 12. HP: 89/106 MP: 11/11
 13026 | D:13     | Found a gate to the Vaults.
 13026 | D:13     | Noticed a centaur warrior
 13026 | D:13     | Noticed a vault guard
 13026 | D:13     | Noticed a boulder beetle
 13026 | D:13     | Noticed a vault guard
 13026 | D:13     | Noticed a vault guard
 13026 | D:13     | Noticed a centaur warrior
 13026 | D:13     | Noticed a vault guard
 13026 | D:13     | Noticed a centaur warrior
 13077 | D:13     | Noticed a two-headed ogre
 13077 | D:13     | Noticed cbfl8's ghost (journeyman MiBe)
 13078 | D:13     | Found a transporter.
 13078 | D:13     | Identified the +6 great mace of Ru's Respect {vorpal, SInv}
 13078 | D:13     | Noticed a two-headed ogre
 13078 | D:13     | Noticed a two-headed ogre
 13080 | D:13     | Noticed a two-headed ogre
 13080 | D:13     | Noticed a two-headed ogre
 13081 | D:13     | Found a transporter.
 13082 | D:13     | Noticed a two-headed ogre
 13125 | D:13     | Noticed a tengu warrior
 13149 | D:13     | Killed a tengu warrior
 13415 | D:13     | Killed a vault guard
 13676 | D:13     | HP: 1/107 [centaur warrior/arrow (16)]
 13676 | D:13     | Shot with an arrow by a centaur warrior

Illustrated notes

Levels and vault maps discovered:
D:1:      ldierk_walled_garden_2, layout_rooms, minmay_crystal_room,
          minivault_27, minmay_stone_trees_small
D:2:      layout_rooms, basic_altar, hellmonk_ecumenical_altar_blasted,
          minmay_surrounded
D:3:      cheibrodos_greedy_goblins, layout_basic, gammafunk_ghost_split,
          gup_sewer_entry_spiral, minmay_misc_feat_enclosed
D:4:      layout_basic, kennysheep_generic_room_14
D:5:      layout_gridville, uniq_duvessa
D:6:      layout_cave_pools, minmay_temple_entry_overgrown, serial_column_ruins,
          column_ruins_corridor_T, column_ruins_grid_1, column_ruins_open_small,
          column_ruins_columns_T, column_ruins_columns_straight,
          column_ruins_columns_corner, column_ruins_corridor_straight
D:7:      layout_rooms
D:8:      layout_basic, lair_entry_dummy
D:9:      layout_small_grid
D:10:     layout_loops_ring, vehumet_crystals, david_orc_5, enter_bailey_3
D:11:     layout_roguey, solitary_fountain, nicolae_stop_n_shop_1
D:12:     layout_loops_ring, serial_shops, nicolae_shop_advertising_works
          [nicolae_subvault_shop_adworks], nicolae_kikubaaqudgha_miasma_corner,
          uniq_snorg
D:13:     layout_loops_ring, lightli_vaults_fourway_checkpoint,
          gammafunk_ghost_smash

Skill      XL: |  1  2  3  4  5  6  7  8  9 10 11 12 |
---------------+-------------------------------------+-----
Fighting       | 4 5 6 7 9 10 | 10.5
Axes           | 4 5 6 7 8 10 12 13 15 | 15.2
Armour         | 3 4 5 6 8 10 | 10.4
Evocations     | 1 2 3 4 5 6 7 8 |  8.2
Dodging        | 3 |  3.6
Shields        | 1 2 3 4 5 |  5.5
Stealth        | |  0.7

Action                   |  1- 3 |  4- 6 |  7- 9 | 10-12 || total
-------------------------+-------+-------+-------+-------++-------
Melee: Hand axe          |    75 |    56 |       |       ||   131
       Headbutt          |    11 |    26 |    32 |    61 ||   130
       War axe           |       |   127 |   198 |   201 ||   526
       Broad axe         |       |       |       |   100 ||   100
Invok: Berserk           |       |     2 |     2 |     6 ||    10
       Trog's Hand       |       |     1 |       |       ||     1
Evoke: Wand              |       |       |       |    11 ||    11
  Use: Scroll            |       |       |    13 |     9 ||    22
Armor: Animal skin       |    21 |     9 |       |       ||    30
       Chain mail        |       |    72 |    37 |       ||   109
       Plate armour      |       |       |    59 |   158 ||   217
Dodge: Dodged            |    55 |   133 |   123 |   161 ||   472
Block: Buckler           |       |    26 |    42 |    81 ||   149
